 Dungeon Crawl Stone Soup version 0.20.1-1-g8b1a95d (webtiles) character file.

27 slep the Chopper (level 2, -2/19 HPs)
             Began as a Demonspawn Wanderer on Oct 21, 2017.
             Killed from afar by a dart slug (6 damage)
             ... with a slug dart
             ... on level 2 of the Dungeon.
             The game lasted 00:08:03 (974 turns).

slep the Chopper (Demonspawn Wanderer)               Turns: 974, Time: 00:08:04

Health: -2/19      AC:  3    Str:  9 (12) XL:     2   Next: 93%
Magic:  5/5        EV: 11    Int: 10 (11) God:
Gold:   117        SH:  0    Dex: 13 (14) Spells: 5/5 levels left

rFire    . . .     SeeInvis .   a - +2 hand axe
rCold    . . .     Gourm    .   (no shield)
rNeg     . . .     Faith    .   m - +0 leather armour
rPois    .         Spirit   .   (helmet restricted)
rElec    .         Reflect  .   (no cloak)
rCorr    .         Harm     .   (no gloves)
MR       .....                  (no boots)
Stlth    +.........             (no amulet)
Regen    0.1/turn               (no ring)
MPRegen  0.1/turn               (no ring)

@: no status effects
A: antennae 1
a: no special abilities


You were on level 2 of the Dungeon.
You were not hungry.

You visited 1 branch of the dungeon, and saw 2 of its levels.

You collected 117 gold pieces.

Inventory:

Hand Weapons
 a - a +2 hand axe (weapon)
 b - a +0 shortbow
Missiles
 c - 21 arrows
Armour
 e - a +0 robe
 m - a +0 leather armour (worn)
Scrolls
 d - a scroll of teleportation
 g - a scroll of random uselessness {unknown}
 h - a scroll of amnesia {unknown}
 k - a scroll of noise {unknown}
 l - a scroll of fog {unknown}
 n - a scroll of identify {unknown}
 o - a scroll of magic mapping {unknown}
Comestibles
 f - 2 bread rations
 i - 5 fruits
 j - 2 chunks of flesh


   Skills:
 + Level 0.2 Fighting
 + Level 3.3 Axes
 + Level 2.0 Armour
 + Level 0.5 Dodging
 + Level 1.1 Stealth
 + Level 2.1 Spellcasting
   Level 1.0 Hexes
   Level 1.0 Evocations


You had 5 spell levels left.
You didn't know any spells.

Dungeon Overview and Level Annotations

Branches:
Dungeon (2/15)

Altars:
Nemelex Xobeh


Innate Abilities, Weirdness & Mutations

You have a pair of small antennae on your head.


Message History

n - a scroll labeled PUATWE GYEHOOL
Found 16 gold pieces.
Found a bread ration.
o - a scroll labeled ZOF MIRCHIUT A dart slug comes into view.
You see here 16 gold pieces.
The dart slug launches a dart at you. The slug dart hits you!
* * * LOW HITPOINT WARNING * * *
You see here 16 gold pieces.
You now have 117 gold pieces (gained 16).
You don't know any spells.
You don't know any spells.
You hit the dart slug.
The dart slug is heavily wounded.
You hit the dart slug.
The dart slug is severely wounded.
The dart slug launches a dart at you. The slug dart hits you!
You die...

##.# ###.#####.. #
##.####.......... #.#
........#.#####.. .#.#
##.######[#####.. ... .
##.# #......... ..# ..
...# #...#####.##.##..#
##### #...# #........#
.)..# #...######w#.##
.##.# #...##...@....# .#
# #...#...##.#..#
.##.####....#.#.#.#..#.#
........................#
......(...........#..#...
.⌠.⌠..............#..##.#
.._..###....#.......## .#
.⌠.⌠## #...#.#.##.#.#
...## #...##.###.....


You could see a dart slug.

Vanquished Creatures
  2 leopard geckos (D:1)
  2 giant cockroaches
  4 hobgoblins
  A kobold (D:2)
  A quokka (D:2)
  3 bats (D:1)
  7 goblins (D:1)
  3 rats (D:1)
23 creatures vanquished.

Notes
Turn   | Place    | Note
-------+----------+-------------------------------------------
     0 | D:1      | slep the Demonspawn Wanderer began the quest for the Orb.
     0 | D:1      | slep set off with: a +2 hand axe, a +0 shortbow, 21 arrows, a scroll of teleportation, a +0 robe, a bread ration
     0 | D:1      | Reached XP level 1. HP: 13/13 MP: 3/3
   118 | D:1      | Reached skill level 3 in Axes
   118 | D:1      | Gained mutation: You have a pair of small antennae on your head. [demonic ancestry]
   118 | D:1      | Reached XP level 2. HP: 8/19 MP: 5/5
   873 | D:2      | Found a sparkling altar of Nemelex Xobeh.
   974 | D:2      | Killed from afar by a dart slug

Skill      XL: |  1  2 |
---------------+-------+-----
Axes           | 3 |  3.3
Armour         | 2 |  2.0
Fighting       | |  0.2
Dodging        | |  0.5
Stealth        | |  1.1
Spellcasting   | |  2.1
Hexes          | |  1.0
Evocations     | |  1.0

Action                   || total
-------------------------++-------
Melee: Hand axe          ||    64
  Use: Potion            ||     4
 Stab: Sleeping          ||     3
Armor: Robe              ||    14
       Leather armour    ||     1
Dodge: Dodged            ||    37
